 Dungeon Crawl Stone Soup version 0.29.0-4-gdea44cf6ec (webtiles) character file.

Game seed: 1995615638419281870

4032 Flugkiller the Cleaver (level 10, -1/89 HPs)
             Began as a Minotaur Fighter on Aug 27, 2022.
             Was an Elder of Okawaru.
             Slain by Erica
             ... wielding a +4 scimitar of flaming
              (4 damage)
             ... on level 8 of the Dungeon.
             The game lasted 00:04:33 (8030 turns).

Flugkiller the Cleaver (Minotaur Fighter)           Turns: 8030, Time: 00:04:33

Health: -1/89      AC: 17    Str: 21    XL:     10   Next: 4%
Magic:  12/12      EV: 10    Int:  5    God:    Okawaru [****..]
Gold:   397        SH:  0    Dex: 14    Spells: 9/9 levels left

rFire   . . .      SeeInvis .   a - +0 war axe
rCold   . . .      Faith    .   c - +0 buckler
rNeg    . . .      Spirit   .   D - +0 plate armour
rPois   .          Reflect  .   (helmet restricted)
rElec   .          Harm     .   y - +0 cloak
rCorr   .          Rampage  .   g - +0 pair of gloves
Will    .....                   i - +0 pair of boots
Stlth   ..........              (no amulet)
HPRegen 0.24/turn               v - +4 ring of evasion
MPRegen 0.13/turn               (no ring)

@: confused, lethally poisoned (-1 -> -4), ambrosia-drunk, flying, slowed, very
slow
A: horns 2, retaliatory headbutt
a: Renounce Religion, Heroism, Finesse


You were on level 8 of the Dungeon.
You worshipped Okawaru.
Okawaru was greatly pleased with you.
You visited 2 branches of the dungeon, and saw 9 of its levels.

You collected 397 gold pieces.

Inventory:

Hand Weapons
 a - a +0 war axe (weapon)
Missiles
 u - 12 boomerangs (quivered)
Armour
 b - a +0 scale mail
 c - a +0 buckler (worn)
 g - a +0 pair of gloves (worn)
   (You found it on level 8 of the Dungeon)
 i - a +0 pair of boots (worn)
   (You found it on level 1 of the Dungeon)
 y - a +0 cloak (worn)
   (You found it on level 3 of the Dungeon)
 D - a +0 plate armour (worn)
   (You took it off an orc warrior on level 7 of the Dungeon)
Jewellery
 v - a +4 ring of evasion (left hand)
   (You found it on level 1 of the Dungeon)
Wands
 e - a wand of roots (1)
   (You found it on level 8 of the Dungeon)
 p - a wand of mindburst (6)
   (You took it off an orc wizard on level 6 of the Dungeon)
 q - a wand of paralysis (20)
   (You found it on level 4 of the Dungeon)
 B - a wand of quicksilver (10)
   (You found it on level 6 of the Dungeon)
Scrolls
 f - a scroll of enchant armour
 h - a scroll of brand weapon
 l - 2 scrolls of magic mapping
 o - a scroll of enchant weapon
 t - 2 scrolls of teleportation
 z - a scroll of blinking
Potions
 d - 3 potions of might
 j - a potion of berserk rage
 E - a potion of invisibility


   Skills:
 + Level 8.3 Fighting
 * Level 10.9 Axes
 + Level 3.7 Throwing
 + Level 8.4 Armour
 - Level 3.6 Shields
 + Level 4.8 Invocations
 - Level 2.6 Evocations


You had 9 spell levels left.
You didn't know any spells.
Your spell library was empty.

Dungeon Overview and Level Annotations

Branches:
Dungeon (8/15)             Temple (1/1) D:7
   Lair: D:8-11

Altars:
Ashenzari
Cheibriados
Elyvilon
Gozag
Makhleb
Okawaru
Sif Muna
Zin
The Shining One

Annotations:
D:7 2 transporters, DKP's ghost, novice MiFi
D:8 Erica
Temple 2 transporters


Innate Abilities, Weirdness & Mutations

You have a pair of horns on your head.
You reflexively headbutt those who attack you in melee.


Message History

You see here a potion of might.
A necrophage comes into view.
The necrophage moves out of view.
A necrophage is nearby!
A necrophage is nearby!
A necrophage is nearby!
You slash the necrophage! Your headbutt misses the necrophage.
The necrophage is heavily damaged.
You block the necrophage's attack.
You hit the necrophage.
The necrophage is severely damaged.
The necrophage misses you.
You slash the necrophage!
You destroy the necrophage!
Okawaru accepts your kill.
No target in view!
No target in view!
No target in view!
No target in view!
No target in view!
Erica is nearby!
Erica is nearby!
Erica is nearby!
Aiming: Mindburst
Press: ? - help, Shift-Dir - straight line, f - Erica
Aim: Erica, wielding a +4 scimitar of flaming and wearing a +0 robe (wandering, hasn't noticed you, chance to affect: 41%) Erica's mind is blasted!
That's the wrong kind of item! (Use * to select it.) Evoke which item? (* to show all) (? for menu, Esc to quit)
Okay, then.
You don't have any such object.
Evoke which item? (* to show all) (? for menu, Esc to quit)
Okay, then.
Unknown command.
Aiming: Mindburst
Press: ? - help, Shift-Dir - straight line, f/p - Erica
Aim: Erica, wielding a +4 scimitar of flaming and wearing a +0 robe (moderately wounded, chance to affect: 41%) Erica's mind is blasted!
Erica drinks a potion.
Erica is healed!
Aiming: Mindburst
Press: ? - help, Shift-Dir - straight line, f/p - Erica
Aim: Erica, wielding a +4 scimitar of flaming and wearing a +0 robe (moderately wounded, chance to affect: 41%) Erica resists with some effort.
Erica completely misses you.
Aiming: Mindburst
Press: ? - help, Shift-Dir - straight line, f/p - Erica
Aim: Erica, wielding a +4 scimitar of flaming and wearing a +0 robe (moderately wounded, chance to affect: 41%) Erica's mind is blasted!
Erica casts a spell at you. The bolt of poison hits you!!
You are poisoned.
You slash Erica!
Erica is almost dead.
You feel very sick.
You barely miss Erica.
Erica is almost dead.
You feel sick.
Erica points at you and mumbles some strange words.
You feel yourself slow down.
You closely miss Erica. Your headbutt misses Erica.
Erica is almost dead.
You feel sick. Erica hits you but does no damage.
Erica points at you and mumbles some strange words.
You are confused.
You are too confused!
You are too confused!
You feel sick. Erica casts a spell at you.
You are more confused.
You feel sick.
Erica hits you with a +4 scimitar of flaming.
Erica burns you. Erica misses you.
You hit Erica. You headbutt Erica.
Erica is almost dead.
You feel sick.
Erica looks angry.
Erica points at you and mumbles some strange words.
The bolt of poison hits you!!
You are more poisoned.
* * * LOW HITPOINT WARNING * * *
You hit Erica.
Erica is almost dead.
You feel very sick.
Erica hits you with a +4 scimitar of flaming!
* * * LOW HITPOINT WARNING * * *
Erica burns you.
* * * LOW HITPOINT WARNING * * *
Erica points at you and mumbles some strange words.
You are more confused.
It was a potion of flight.
You feel very buoyant.
You fly up into the air.
You feel very sick.
Erica gestures wildly while chanting.
Erica flickers and vanishes!
You are too confused!
Unknown command.
You are more confused.
You feel invigorated.
You feel sick. Something hits you!
* * * LOW HITPOINT WARNING * * *
Something burns you.
You die...

##.##..#.#..####.#.#
##.##.......# #.#.#
##.##.##.##.#
#.#.######.#
.........##!#
##........... #.
.........##.#
#....######.. #.#
##.##.####..# #..###
# #.# #.##.# #.##
#..# ... #.# #.##.#
#.# #.{##.# #.#
#.##.# ##.## #.@...#
#.#
#.##.###...###..##.#
#.#
#.##.##.$...##.$.#.#
#.####..
#.##.............#.#
#.......
#.#####.....##.....##
#.#####. #.#
##............# #.
##.#
##.######.#..#####.#
#) ...# ###
#)#......?.# #. ####
#.#...###### #.


There were no monsters in sight!

Vanquished Creatures
  Prince Ribbit (D:7)
  A hornet (D:8)
  2 steam dragons (D:8)
  3 water moccasins
  A black bear (D:6)
  An ice beast (D:8)
  3 orc warriors
  2 sky beasts
  3 ogres
  A centaur (D:8)
  2 bullfrogs
  6 scorpions
  3 necrophages
  5 wights (D:8)
  4 killer bees (D:8)
  A howler monkey (D:6)
  An orc priest (D:7)
  8 hounds
  A gnoll bouda (D:5)
  4 jellies
  4 iguanas
  5 orc wizards
  8 gnolls (D:5)
  6 adders
  2 shadow imps
  A white imp (D:6)
  An ufetubus (D:5)
  3 worms (D:2)
  3 dart slugs
  30 orcs
  9 endoplasms
  3 giant cockroaches
  7 goblins
  9 hobgoblins
  4 jackals (D:1)
  10 kobolds
  7 quokkas
  10 ball pythons
  2 bats
  7 frilled lizards
  2 rats
186 creatures vanquished.

Notes
Turn   | Place    | Note
-------+----------+-------------------------------------------
     0 | D:1      | Flugkiller the Minotaur Fighter began the quest for the
                  | Orb.
     0 | D:1      | Reached XP level 1. HP: 19/19 MP: 0/0
   200 | D:1      | Reached XP level 2. HP: 27/27 MP: 1/1
   201 | D:1      | Reached skill level 3 in Axes
   424 | D:1      | Reached XP level 3. HP: 30/33 MP: 2/2
   594 | D:1      | Found a faded altar of an unknown god.
   948 | D:2      | Found a glowing silver altar of Zin.
  1262 | D:2      | Reached skill level 4 in Axes
  1602 | D:3      | Reached XP level 4. HP: 40/40 MP: 3/3
  1922 | D:3      | Found a broken altar of Ashenzari.
  2579 | D:4      | Reached XP level 5. HP: 47/47 MP: 4/4
  2722 | D:4      | Reached skill level 5 in Axes
  2749 | D:4      | Found a shimmering blue altar of Sif Muna.
  2895 | D:5      | Entered Level 5 of the Dungeon
  2932 | D:5      | Reached skill level 5 in Fighting
  2932 | D:5      | Reached skill level 5 in Armour
  2936 | D:5      | Found an iron altar of Okawaru.
  2958 | D:5      | Noticed an ogre
  2964 | D:5      | Reached XP level 6. HP: 56/56 MP: 5/5
  2982 | D:5      | Reached skill level 6 in Axes
  3032 | D:5      | Reached XP level 7. HP: 62/62 MP: 6/6
  3056 | D:5      | Became a worshipper of Warmaster Okawaru
  3404 | D:5      | Reached skill level 7 in Axes
  3772 | D:5      | Reached skill level 1 in Invocations
  3772 | D:5      | Reached skill level 1 in Evocations
  4070 | D:5      | Reached * piety under Okawaru
  4216 | D:6      | Reached XP level 8. HP: 49/70 MP: 8/8
  4261 | D:6      | Reached skill level 8 in Axes
  4775 | D:6      | Reached ** piety under Okawaru
  5034 | D:6      | Reached skill level 1 in Throwing
  5160 | D:6      | Reached skill level 9 in Axes
  5507 | D:7      | Reached XP level 9. HP: 55/79 MP: 10/10
  5626 | D:7      | Noticed DKP's ghost (novice MiFi)
  5632 | D:7      | Found a staircase to the Ecumenical Temple.
  5740 | Temple   | Entered the Ecumenical Temple
  5740 | Temple   | Found a transporter.
  5740 | Temple   | Found a transporter.
  5762 | D:7      | Found a transporter.
  5787 | D:7      | Found a transporter.
  5787 | D:7      | Noticed a moth of wrath
  6549 | D:7      | Noticed Prince Ribbit
  6557 | D:7      | Killed Prince Ribbit
  6557 | D:7      | Reached *** piety under Okawaru
  6799 | D:8      | Reached skill level 10 in Axes
  7361 | D:8      | Found a glowing golden altar of the Shining One.
  7577 | D:8      | Reached **** piety under Okawaru
  7653 | D:8      | Reached XP level 10. HP: 80/88 MP: 12/12
  7654 | D:8      | Noticed Erica
  8030 | D:8      | HP: 3/89 [something (8)]
  8030 | D:8      | Slain by Erica

Illustrated notes

Levels and vault maps discovered:
D:1:      saegor_arrival_under_anarchy, layout_rooms,
          hellmonk_ecumenical_altar_crossroads
D:2:      layout_rooms, basic_altar, minmay_heptomino_l4
D:3:      layout_loops_ring, mainiacjoe_overflow_small_starburst
D:4:      layout_loops_ring, general_overflow_altar
D:5:      layout_loops_ring, mainiacjoe_overflow_paths
D:6:      layout_rooms, hangedman_glass_teeth, chequers_serial_rivers_room_a
D:7:      layout_basic, minmay_temple_entry_purple_smoke,
          gammafunk_ghost_berserking_beasts, uniq_prince_ribbit1
D:8:      layout_loops_ring, lemuel_round_altar, mainiacjoe_overflow_big_doors,
          minmay_statues_item, uniq_erica, uniq_gastronok, uniq_maggie
Temple:   hellmonk_temple_divided_pantheon

Skill      XL: |  1  2  3  4  5  6  7  8  9 |
---------------+----------------------------+-----
Axes           | 3 4 5 6 7 9 10 | 10.9
Fighting       | 4 5 6 7 8 |  8.3
Armour         | 4 5 6 7 8 |  8.4
Invocations    | 1 3 4 |  4.8
Evocations     | 1 2 |  2.6
Throwing       | 1 3 |  3.7
Shields        | |  3.6

Action                   |  1- 3 |  4- 6 |  7- 9 | 10-12 || total
-------------------------+-------+-------+-------+-------++-------
Melee: War axe           |    98 |   100 |   306 |    25 ||   529
       Headbutt          |    13 |    13 |    47 |     4 ||    77
Invok: Heroism           |       |       |     1 |       ||     1
Evoke: Wand              |       |       |     2 |     4 ||     6
  Use: Potion            |       |     7 |     6 |     3 ||    16
       Scroll            |       |       |    11 |     1 ||    12
 Stab: Invisible         |       |     2 |       |       ||     2
       Paralysed         |       |       |     2 |       ||     2
Armor: Scale mail        |    35 |    32 |    86 |       ||   153
       Plate armour      |       |       |    79 |    13 ||    92
       Skin              |       |       |     2 |       ||     2
Dodge: Dodged            |    68 |    90 |   149 |     5 ||   312
Block: Buckler           |    18 |    17 |    57 |     4 ||    96
